AoeStats
← erenyager958187

Fortress

510650628Analyzed
1v1 RM · 1d ago on Oct 2, 2026· 16m 8s· 2 players
Game mode
Random Map
Map size
Small (3 player)
Population
200
Speed
Normal
Resources
Standard
Victory
Conquest
Starting age
Dark Age
Ending age
Imperial Age
RankedLock teamsTeams togetherTeam positionsShared explorationLock speedFull tech treeHidden civsTurbo modeCheats
Victory
Defeat
🇺🇸 Berbers · United States
743
+14
🇦🇷 Burgundians · Argentina
709
-30
erenyager958187
7:30 Feudal Age
5:46 Loom
10:04 Double-Bit Axe
13:57 Castle Age
12:16 Gold Mining
14:58 Bow Saw
15:44 Pikeman
Kill2Death7428
7:24 Feudal Age
11:31 Castle Age
10:04 Man-at-Arms
10:56 Scale Mail Armor
11:07 Forging
10:55 Double-Bit Axe
Connection lost

Rejoining the realm…

Still unreachable

The connection could not be restored.

Session expired

The server has moved on; the page needs a fresh start.